[Event "WA State Championship"]
[Site "Legacy House, South Perth"]
[Date "2005.07.31"]
[Round "5"]
[White "Markou, V"]
[Black "Taylor, P"]
[Result "0-1"]
[WhiteElo "1452"]
[BlackElo "1100"]
[ECO "A04"]
[EventDate "2005.07.03"]
[TimeControl "5400+60"]

1.e4 c5 2.Nf3 Nc6 3.d3 d6 4.g3 g6 5.Bg2 Bg7 6.O-O Nf6 7.Nbd2 O-O 8.Re1 Bg4
9.c3 b5 10.Nf1 a5 11.Ne3 Bxf3 12.Bxf3 Rb8 13.h4 Ne5 14.Bg2 b4 15.f4 Ned7 
16.f5 bxc3 17.bxc3 Nh5 18.d4 Nxg3 19.Bf3 cxd4 20.cxd4 e5 21.d5 Bh6 22.Ba3 
Nc5 23.Kf2 Qxh4 24.Kg2 Ngxe4 25.Ng4 gxf5 26.Nxh6+ Qxh6 27.Bxe4 Nxe4 28.
Rxe4 fxe4 29.Bxd6 Rb2+ 30.Kf1 Qf4+ 0-1

[Event "WA State Championship"]
[Site "Legacy House, South Perth"]
[Date "2005.08.07"]
[Round "6"]
[White "Hare, T"]
[Black "Leonhardt, W"]
[Result "0-1"]
[WhiteElo "2097"]
[BlackElo "1916"]
[ECO "A07"]
[EventDate "2005.07.03"]
[TimeControl "5400+60"]

1.Nf3 Nf6 2.g3 e6 3.Bg2 d5 4.O-O Be7 5.b3 O-O 6.Bb2 c5 7.d3 Nc6 8.Nbd2 Qc7
9.c4 d4 10.a3 a5 11.e4 dxe3 12.fxe3 e5 13.Qe2 Bg4 14.h3 Bd7 15.Qf2 Rad8 
16.Rad1 Bd6 17.Nh4 Nh5 18.g4 Nf6 19.Nf5 Bxf5 20.Qxf5 Ne7 21.Qf2 h6 22.Ne4 
Nd7 23.Ng3 Qb6 24.Rb1 Bb8 25.Be4 Nf6 26.Qg2 Rd7 27.Rf2 Nxe4 28.Qxe4 Qxb3 
29.Rd2 Qb6 30.Rf1 Qc6 31.d4 exd4 32.Qxc6 Nxc6 33.Nf5 Rfd8 34.exd4 cxd4 35.
Rfd1 Ba7 36.Kf2 Kh7 37.Kf3 Ne5+ 38.Kg3 Nxc4 39.Rc2 Nxb2 40.Rxb2 g6 41.Nh4 
d3 42.Nf3 f5 43.gxf5 gxf5 44.a4 Bb8+ 45.Kf2 Rg8 46.Rb5 Ba7+ 47.Kf1 Rg3 48.
Rxf5 Bb8 49.h4 Bc7 50.h5 Kg7 51.Kf2 Rg4 52.Rb5 Rxa4 53.Rb3 Ra2+ 54.Ke3 
Re2# 0-1

[Event "WA State Championship"]
[Site "Legacy House, South Perth"]
[Date "2005.08.07"]
[Round "6"]
[White "Dunlop, G"]
[Black "Ellis, D"]
[Result "0-1"]
[WhiteElo "1825"]
[BlackElo "1981"]
[ECO "C15"]
[EventDate "2005.07.03"]
[TimeControl "5400+60"]

1.e4 e6 2.d4 d5 3.Nc3 Bb4 4.Bd3 dxe4 5.Bxe4 Nf6 6.Bg5 h6 7.Bxf6 Qxf6 8.Ne2
c6 9.O-O O-O 10.Qd3 Nd7 11.f4 Rd8 12.Qg3 Nb6 13.Bd3 Nd5 14.Ne4 Qe7 15.c4 
Nf6 16.Nxf6+ Qxf6 17.Rf3 Bd6 18.Raf1 c5 19.Qf2 cxd4 20.g4 Bd7 21.Be4 Rac8 
22.h4 d3 23.Nd4 Bc5 24.Rxd3 Bc6 25.Bxc6 Rxd4 26.g5 hxg5 27.hxg5 Qxf4 28.
Kg2 Qxf2+ 29.Rxf2 Rxd3 0-1

[Event "WA State Championship"]
[Site "Legacy House, South Perth"]
[Date "2005.08.07"]
[Round "6"]
[White "Choong, Y"]
[Black "Barber, H"]
[Result "1-0"]
[WhiteElo "1633"]
[BlackElo "2143"]
[ECO "B31"]
[EventDate "2005.07.03"]
[TimeControl "5400+60"]

1.e4 c5 2.Nf3 Nc6 3.Bb5 g6 4.Nc3 Bg7 5.Bxc6 dxc6 6.O-O e5 7.d3 Qe7 8.Be3 
Nf6 9.a4 Nd7 10.a5 Nf8 11.Nd2 Ne6 12.Na4 Rb8 13.b4 cxb4 14.Bxa7 b5 15.Bxb8
bxa4 16.Rxa4 Ba6 17.Nc4 c5 18.Bxe5 f6 19.Bb2 O-O 20.Nb6 f5 21.Bxg7 Qxg7 
22.exf5 gxf5 23.Qf3 Kh8 24.Re1 Nd4 25.Qg3 Nxc2 26.Qxg7+ Kxg7 27.Rc1 Re8 
28.Ra2 Re1+ 29.Rxe1 Nxe1 30.Na4 Nxd3 31.Rc2 c4 32.Re2 Kf7 33.f3 Bb5 34.Nb6
Nf4 35.Re5 Ne2+ 36.Rxe2 c3 37.Rc2 Ke6 38.a6 Ke5 39.a7 Bc6 40.Kf2 Kd4 41.
Ke1 b3 42.Rd2+ cxd2+ 43.Kxd2 h5 44.Na4 h4 45.Nb2 h3 46.gxh3 Bxf3 47.h4 Ba8
48.h5 Ke5 49.Nd3+ Kf6 50.Nf4 Be4 51.Kc3 Kg5 52.h4+ 1-0

[Event "WA State Championship"]
[Site "Legacy House, South Perth"]
[Date "2005.08.07"]
[Round "6"]
[White "Kurniawan, S"]
[Black "Maris, R"]
[Result "0-1"]
[WhiteElo "1800"]
[BlackElo "1939"]
[ECO "B87"]
[EventDate "2005.07.03"]
[TimeControl "5400+60"]

1.e4 c5 2.Nf3 d6 3.d4 cxd4 4.Nxd4 Nf6 5.Nc3 a6 6.Bc4 e6 7.Bb3 b5 8.f3 Be7 
9.Be3 Qc7 10.O-O Nc6 11.Qd2 O-O 12.Rad1 Nxd4 13.Qxd4 Bd7 14.Qd2 Bc6 15.Qf2
Qb7 16.Ne2 Nd7 17.Bd4 e5 18.Be3 b4 19.Ng3 Nc5 20.Nf5 Nxb3 21.axb3 Rfd8 22.
Bb6 Rdb8 23.Ba5 Qd7 24.Nxe7+ Qxe7 25.Qd2 d5 26.exd5 Qc5+ 27.Kh1 Bd7 28.
Rfe1 Qxa5 29.Rxe5 Re8 30.Re4 Rab8 31.h3 Qc5 32.Rc4 Qd6 33.Rd4 h6 34.Rg1 a5
35.Ra1 Rb5 36.f4 Bf5 37.c4 Rc5 38.Re1 Rcc8 39.Re5 Rxe5 40.fxe5 Qxe5 41.d6 
Be6 42.Rd3 Rd8 43.Rd4 Qc5 44.Qd3 Rd7 45.Kh2 Bf5 46.Qd2 Qe5+ 47.Kh1 Be6 48.
Kg1 f5 49.h4 Kf7 50.Kh1 Ke8 51.Rd3 f4 52.c5 Qxc5 53.Rd4 g5 54.Qd3 Kd8 55.
Qa6 Ra7 56.Qd3 Qc1+ 57.Kh2 Qe3 58.Qg6 Qxd4 59.Qxe6 g4 60.h5 Rg7 61.Qxh6 
Qe5 62.g3 fxg3+ 0-1

[Event "WA State Championship"]
[Site "Legacy House, South Perth"]
[Date "2005.08.07"]
[Round "6"]
[White "Viswanath, G"]
[Black "Kueh, M"]
[Result "0-1"]
[WhiteElo "1732"]
[BlackElo "1860"]
[ECO "A87"]
[EventDate "2005.07.03"]
[TimeControl "5400+60"]

1.d4 f5 2.c4 Nf6 3.Nf3 g6 4.g3 Bg7 5.Bg2 O-O 6.O-O c6 7.Na3 d6 8.Rb1 Ne4 
9.b4 Nc3 10.Qd3 Nxb1 11.Qxb1 e5 12.Rd1 e4 13.Ne1 d5 14.b5 Be6 15.bxc6 Nxc6
16.Qxb7 Qb6 17.Qxb6 axb6 18.Nb5 Rf7 19.Rd2 Bh6 20.e3 Bf8 21.Nc2 Rd7 22.Bf1
Na5 23.cxd5 Bxd5 24.Nc3 Bc4 25.Bg2 Rc8 26.Na4 Rb7 27.Na3 Bd3 28.Bb2 Rbb8 
29.Rxd3 exd3 30.Bd5+ Kh8 0-1

[Event "WA State Championship"]
[Site "Legacy House, South Perth"]
[Date "2005.08.07"]
[Round "6"]
[White "Fedec, J"]
[Black "Jahangirian, M"]
[Result "1-0"]
[WhiteElo "1829"]
[BlackElo "1701"]
[ECO "B18"]
[EventDate "2005.07.03"]
[TimeControl "5400+60"]

1.e4 c6 2.d4 d5 3.Nc3 dxe4 4.Nxe4 Bf5 5.Qf3 Bxe4 6.Qxe4 Nf6 7.Qh4 e6 8.Bg5
Nbd7 9.Bd3 Qa5+ 10.c3 h6 11.Bd2 Qc7 12.Nf3 Bd6 13.O-O O-O-O 14.Ne1 g5 15.
Qh3 Rdg8 16.c4 h5 17.b4 h4 18.c5 Be7 19.f4 g4 20.Qe3 Nd5 21.Qe2 Bf6 22.Nc2
Bg7 23.a4 Nb8 24.b5 Kd7 25.f5 Ke7 26.Rae1 Bh6 27.fxe6 f6 28.Bxh6 Rxh6 29.
Ne3 Nxe3 30.Qxe3 Rgh8 31.Qe4 Qd8 32.Rf5 Qa5 33.d5 cxd5 34.Rxd5 Qc3 35.Rd4 
Ke8 36.Qe3 Qb2 37.e7 {Time.} 1-0

[Event "WA State Championship"]
[Site "Legacy House, South Perth"]
[Date "2005.08.07"]
[Round "6"]
[White "Johnstone, R"]
[Black "Lubtschenko, W"]
[Result "1-0"]
[WhiteElo "1702"]
[BlackElo "1693"]
[ECO "C47"]
[EventDate "2005.07.03"]
[TimeControl "5400+60"]

1.e4 Nf6 2.Nc3 e5 3.Nf3 Nc6 4.Bc4 h6 5.O-O d6 6.d4 Bg4 7.Bb5 Nd7 8.Bxc6 
bxc6 9.d5 c5 10.Qd3 Be7 11.Ne1 Bh4 12.Be3 O-O 13.Qd2 Rb8 14.b3 Rb7 15.f4 
f5 16.h3 Bh5 17.fxe5 Nxe5 18.exf5 Bg3 19.Nd3 Qh4 20.Rab1 c4 21.Nxe5 Bxe5 
22.Bf2 Qf6 23.Be1 cxb3 24.axb3 Rb4 25.Qd3 Re8 26.Kh1 Rb7 27.Ne4 Qe7 28.g4 
Bf7 29.c4 Ra8 30.f6 gxf6 31.Bh4 Bg6 32.Rbe1 Rab8 33.Qf3 Bxe4 34.Qxe4 Rxb3 
35.Re3 Rxe3 36.Qxe3 Kg7 37.Qxa7 Bc3 38.Qxb8 Qe4+ 39.Kg1 Bd4+ 40.Bf2 Qf4 
41.Qb3 Be5 42.Bg3 Qd4+ 43.Kh1 Bxg3 44.Qxg3 Qxc4 45.Qf3 Qd4 46.Qf5 Qc3 47.
Kg2 Qb2+ 48.Rf2 Qb5 49.Qxf6+ 1-0

[Event "WA State Championship"]
[Site "Legacy House, South Perth"]
[Date "2005.08.07"]
[Round "6"]
[White "Rados, P"]
[Black "Janceski, A"]
[Result "0-1"]
[WhiteElo "1723"]
[BlackElo "1662"]
[ECO "D02"]
[EventDate "2005.07.03"]
[TimeControl "5400+60"]

1.d4 d5 2.Nf3 c6 3.Bg5 Bg4 4.Nbd2 Nd7 5.c3 Ngf6 6.e3 Ne4 7.Qc2 Nxg5 8.Nxg5
e5 9.Nxh7 Be7 10.dxe5 Nxe5 11.f4 Ng6 12.Bd3 Qb6 13.Nf1 Rxh7 14.Bxg6 Rh6 
15.Bd3 Bc5 16.Kd2 Re6 17.Re1 Re7 18.h3 Bd7 19.b4 Bd6 20.Bf5 g6 21.Bxd7+ 
Kxd7 22.g3 a5 23.Rb1 axb4 24.cxb4 Bxb4+ 25.Ke2 Ra3 26.Rb3 Qa6+ 27.Kf3 Rxa2
28.Qd3 Qxd3 29.Rxd3 Re4 30.g4 Be1 31.Rh2 Rea4 32.Rd1 Rxh2 33.Nxh2 Bc3 34.
h4 b5 35.h5 b4 36.Rb1 gxh5 37.gxh5 f5 38.Nf1 c5 39.Ng3 Ke6 40.h6 Kf6 41.h7
Kg6 42.Rh1 Bh8 43.Rg1 b3 44.Ne4+ Kxh7 45.Nxc5 Rb4 46.Rb1 b2 47.Ke2 Rc4 48.
Nd3 Rc2+ 49.Kd1 Rh2 50.Nb4 Bc3 51.Na2 Ba5 52.Nc1 bxc1=Q+ 53.Rxc1 Rh1+ 54.
Kc2 Rxc1+ 55.Kxc1 Kh6 56.Kc2 Kh5 57.Kd3 Bb6 0-1

[Event "WA State Championship"]
[Site "Legacy House, South Perth"]
[Date "2005.08.07"]
[Round "6"]
[White "Holland, D"]
[Black "Tomic, N"]
[Result "1-0"]
[WhiteElo "1588"]
[BlackElo "1705"]
[ECO "A04"]
[EventDate "2005.07.03"]
[TimeControl "5400+60"]

1.Nf3 c5 2.e3 Nc6 3.d4 cxd4 4.exd4 d5 5.c3 Bg4 6.h3 Bh5 7.Be2 e6 8.Bf4 Nf6
9.O-O h6 10.Re1 Bd6 11.Ne5 Bxe2 12.Qxe2 O-O 13.Nd2 Rc8 14.Nb3 Ne7 15.Rad1 
Kh7 16.Qc2+ g6 17.Qc1 Neg8 18.g4 Ne8 19.Qe3 Ng7 20.Nd3 Bxf4 21.Nxf4 Nf6 
22.Nc5 b6 23.Ncd3 Ne4 24.f3 Nd6 25.Ne5 Qh4 26.Kh2 h5 27.Ng2 Qd8 28.Qd3 Qc7
29.Nf4 Nc4 30.Re2 Nxe5 31.dxe5 f5 32.g5 Qe7 33.h4 Rc4 34.Ng2 Rfc8 35.f4 
Qc5 36.Kg3 a5 37.Ne3 Re4 38.Nc2 b5 39.Nd4 Rb8 40.Rc2 Rb6 41.Kf3 Ne8 42.Nb3
Qe7 43.Nxa5 b4 44.c4 Nc7 45.Nb3 Kg8 46.Nd2 Ra6 47.cxd5 b3 48.Qxb3 exd5 49.
Qb8+ Ne8 50.Nxe4 fxe4+ 51.Kg3 Qd7 52.Qc8 Qb5 53.Rxd5 Qa4 54.Rc4 Ra8 55.
Qe6+ Kf8 56.Rxa4 Rxa4 57.Rd8 Ra8 58.Rxa8 1-0

[Event "WA State Championship"]
[Site "Legacy House, South Perth"]
[Date "2005.08.07"]
[Round "6"]
[White "Whitehead, P"]
[Black "Hessing, R"]
[Result "1-0"]
[WhiteElo "1610"]
[BlackElo "1663"]
[ECO "A80"]
[EventDate "2005.07.03"]
[TimeControl "5400+60"]

1.d4 f5 2.Nc3 b6 3.Bf4 Nf6 4.e3 e6 5.Bd3 Bb4 6.Ne2 Bb7 7.a3 Bxc3+ 8.Nxc3 
d6 9.Qe2 Nbd7 10.O-O-O O-O 11.Rhg1 a6 12.g4 fxg4 13.Rxg4 Nxg4 14.Qxg4 Qf6 
15.Rg1 e5 16.Bg5 Qf7 17.Bh6 g6 18.Qh4 d5 19.Bxf8 Rxf8 20.Rg2 c5 21.dxe5 
Nxe5 22.Be2 d4 23.Ne4 Qd5 24.Nf6+ Rxf6 25.Qxf6 Qxg2 26.Qxe5 Qg1+ 27.Kd2 
Qxf2 28.Qb8+ Kg7 29.Qxb7+ Kh6 30.Qf3 1-0

[Event "WA State Championship"]
[Site "Legacy House, South Perth"]
[Date "2005.08.07"]
[Round "6"]
[White "Klimczak, J"]
[Black "Patron, A"]
[Result "0-1"]
[WhiteElo "1366"]
[BlackElo "1820"]
[ECO "B12"]
[EventDate "2005.07.03"]
[TimeControl "5400+60"]

1.e4 c6 2.d4 d5 3.e5 Bf5 4.Bd3 Bxd3 5.Qxd3 e6 6.Nf3 Ne7 7.Nc3 Nf5 8.g4 Nh4
9.Nxh4 Qxh4 10.h3 Nd7 11.Be3 a6 12.Qd2 h6 13.O-O-O c5 14.Ne2 Rc8 15.Rdg1 
Qd8 16.g5 Qb6 17.g6 f5 18.f4 cxd4 19.Bxd4 Bc5 20.Rg3 Bxd4 21.Qxd4 Qb5 22.
Qd3 Qa4 23.Nc3 Qxf4+ 24.Kb1 Nc5 25.Qf3 Qxe5 26.Rg2 O-O 27.Re2 Qf6 28.Nxd5 
exd5 29.Qxd5+ Kh8 30.Rg1 Qb6 31.Qd4 Qb5 32.Re5 Qc6 33.Qd5 Qc7 34.c3 Rfd8 
35.Rge1 Ne4 36.Qe6 Qc6 37.Qxf5 Nd2+ 38.Kc2 Nf3 39.Qf7 Nxe1+ 40.Rxe1 Rf8 
41.Qe6 Qxe6 42.Rxe6 Rc6 43.Re7 b6 44.a4 Rxg6 45.Rb7 Rf3 46.h4 Rh3 47.b4 
Rxh4 48.Ra7 b5 49.axb5 axb5 50.Rc7 Rc4 51.Rb7 Rgc6 52.Rxb5 Rxc3+ 53.Kb2 
Rc2+ 54.Kb1 Rg2 55.Rd5 Re6 56.Rd1 Re5 0-1

[Event "WA State Championship"]
[Site "Legacy House, South Perth"]
[Date "2005.08.07"]
[Round "6"]
[White "O'Donohue, B"]
[Black "Markou, V"]
[Result "1-0"]
[WhiteElo "1592"]
[BlackElo "1452"]
[ECO "B76"]
[EventDate "2005.07.03"]
[TimeControl "5400+60"]

1.e4 c5 2.Nf3 d6 3.d4 cxd4 4.Nxd4 Nf6 5.Nc3 g6 6.Be3 Bg7 7.f3 Nc6 8.Qd2 
O-O 9.O-O-O Re8 10.g4 Nd7 11.h4 Nce5 12.h5 Nb6 13.hxg6 Nec4 14.gxf7+ Kxf7 
15.Qf2 Rh8 16.Bh6 Bxh6+ 17.Rxh6 e5 18.f4 exd4 19.Rxd4 Bxg4 20.Bxc4+ Nxc4 
21.Rxc4 Kg7 22.Qh2 Qe7 23.Nd5 Qe8 24.Rc7+ Bd7 25.Qg3+ 1-0

[Event "WA State Championship"]
[Site "Legacy House, South Perth"]
[Date "2005.08.07"]
[Round "6"]
[White "Pavlovic, M"]
[Black "Walker, C"]
[Result "1-0"]
[WhiteElo "1663"]
[BlackElo "1353"]
[ECO "A43"]
[EventDate "2005.07.03"]
[TimeControl "5400+60"]

1.d4 e6 2.e4 c5 3.d5 Qb6 4.c4 g6 5.Nc3 Bg7 6.f4 d6 7.Bd3 Ne7 8.Nf3 Qd8 9.
O-O O-O 10.Qc2 f5 11.e5 Na6 12.g3 Nc7 13.Be3 b6 14.dxe6 Bxe6 15.Rad1 d5 
16.Nxd5 Ncxd5 17.cxd5 Qxd5 18.Ng5 Kh8 19.Nxe6 Qxe6 20.Bc4 Qc6 21.Rd6 Qc7 
22.Rfd1 Rad8 23.Qd3 Nc6 24.Bb5 Rxd6 25.Qxd6 Qxd6 26.Rxd6 Nb8 27.b3 Rc8 28.
Bc4 Bf8 29.Rd1 Be7 30.Kf2 Kg7 31.Bc1 Rd8 32.Rxd8 Bxd8 33.Bb2 Nc6 34.Ke3 
Kf8 35.h3 Be7 36.Bd5 Nb8 37.g4 b5 38.gxf5 gxf5 39.Be6 Nc6 40.Bxf5 h6 41.
Bd7 Na5 42.Bxb5 Nxb3 43.Ke4 Nd2+ 44.Kd5 Nf3 45.Be2 Nh4 46.Bg4 Ng2 47.Bc1 
Nh4 48.f5 h5 49.f6 hxg4 50.fxe7+ Ke8 51.hxg4 Ng6 52.Bg5 c4 53.Kxc4 Nxe5+ 
54.Kb5 Nxg4 55.Ka6 Ne5 56.Kxa7 Nf7 57.Bh4 Kd7 58.a4 Nd6 59.a5 Kc6 60.Kb8 
Kd7 61.a6 1-0

[Event "WA State Championship"]
[Site "Legacy House, South Perth"]
[Date "2005.08.07"]
[Round "6"]
[White "Slack-Smith, B"]
[Black "Maris, N"]
[Result "1/2-1/2"]
[WhiteElo "1213"]
[BlackElo "1669"]
[ECO "B01"]
[EventDate "2005.07.03"]
[TimeControl "5400+60"]

1.e4 d5 2.exd5 Qxd5 3.Nc3 Qa5 4.Nf3 Nf6 5.Bc4 Bf5 6.d3 c6 7.Bd2 Qc7 8.Qe2 
Nbd7 9.a3 Bg6 10.O-O e6 11.Qd1 Bd6 12.Ne2 O-O 13.Bb4 c5 14.Bc3 Rad8 15.Ng3
h6 16.Re1 Rfe8 17.Bb5 a6 18.Bxf6 gxf6 19.Bxd7 Rxd7 20.Ne4 Bxe4 21.Rxe4 Kh7
22.Qd2 Rg8 1/2-1/2

[Event "WA State Championship"]
[Site "Legacy House, South Perth"]
[Date "2005.08.07"]
[Round "6"]
[White "Bailye, R"]
[Black "O'Shaughnessy, D"]
[Result "0-1"]
[WhiteElo "1223"]
[BlackElo "1303"]
[ECO "B50"]
[EventDate "2005.07.03"]
[TimeControl "5400+60"]

1.e4 c5 2.Nf3 d6 3.Bc4 Nf6 4.d3 g6 5.O-O Bg7 6.c3 O-O 7.Re1 Nc6 8.Bb3 Bd7 
9.e5 dxe5 10.Nxe5 Nxe5 11.Rxe5 Rc8 12.Nd2 Re8 13.Nf3 Qb6 14.Ng5 e6 15.Ne4 
Nxe4 16.Rxe4 Bc6 17.Re1 h6 18.Be3 Red8 19.Rb1 Rc7 20.Bc2 Rcd7 21.Qd2 Kh7 
22.b4 Qc7 23.bxc5 Bd5 24.c4 Bxc4 25.Qb4 Ba6 26.Red1 Bxd3 27.Bxd3 Rxd3 28.
Re1 R8d7 29.Bf4 Qc6 30.Rbc1 R3d4 31.Rc4 Rxc4 32.Qxc4 Rd4 33.Qc1 Bf8 34.Be3
Rd5 35.g3 Bxc5 36.Bf4 Qb6 37.Rf1 g5 38.Qc2+ Kg7 39.Bc1 Qd6 40.a4 Qc6 41.
Re1 Rf5 42.Re2 b5 43.axb5 Qxb5 44.Rd2 Rd5 45.Qc3+ Kg6 46.Qc2+ f5 47.Re2 
Qb6 48.Kg2 a5 49.Qc3 Rd8 50.Qc4 Kf7 51.g4 Rd4 52.Qc2 Qc6+ 53.f3 Rxg4+ 0-1

[Event "WA State Championship"]
[Site "Legacy House, South Perth"]
[Date "2005.08.14"]
[Round "7"]
[White "Barber, H"]
[Black "Maris, R"]
[Result "1-0"]
[WhiteElo "2143"]
[BlackElo "1939"]
[ECO "B26"]
[EventDate "2005.07.03"]
[TimeControl "5400+60"]

1.e4 c5 2.Nc3 Nc6 3.g3 g6 4.Bg2 Bg7 5.d3 d6 6.Be3 Rb8 7.Qd2 b5 8.Nge2 b4 
9.Nd1 e5 10.O-O Nge7 11.f4 f5 12.fxe5 Nxe5 13.Bh6 O-O 14.Bxg7 Kxg7 15.Ne3 
Qb6 16.Rf2 N5c6 17.Nf4 a5 18.Re1 fxe4 19.dxe4 Ne5 20.Rd1 Rf6 21.h3 Bb7 22.
Rdf1 Rbf8 23.Ne6+ Rxe6 24.Rxf8 c4 25.Qf2 Qd4 1-0

[Event "WA State Championship"]
[Site "Legacy House, South Perth"]
[Date "2005.08.14"]
[Round "7"]
[White "Fedec, J"]
[Black "Hare, T"]
[Result "0-1"]
[WhiteElo "1829"]
[BlackElo "2097"]
[ECO "B00"]
[EventDate "2005.07.03"]
[TimeControl "5400+60"]

1.e4 g5 2.d4 h6 3.Nc3 Bg7 4.Bc4 e6 5.Be3 d6 6.Nge2 Nf6 7.Ng3 Nc6 8.a3 Bd7 
9.Qe2 a6 10.a4 Qe7 11.Rb1 Nb4 12.O-O O-O-O 13.Nd1 d5 14.e5 dxc4 15.exf6 
Bxf6 16.Nc3 Bc6 17.Rfd1 Bg7 18.Rbc1 f5 19.Bd2 Rhe8 20.Qxc4 Rxd4 21.Qb3 
Red8 22.Nb1 Nd5 23.c4 Nf4 24.Re1 Rd3 25.Qc2 Qf7 26.Bxf4 gxf4 27.Ne2 e5 28.
b4 Qg6 29.g3 Be4 30.Qa2 Qg4 31.Nec3 Bf3 32.Nd5 Qh3 33.Ne3 fxe3 0-1

[Event "WA State Championship"]
[Site "Legacy House, South Perth"]
[Date "2005.08.14"]
[Round "7"]
[White "Ellis, D"]
[Black "Holland, D"]
[Result "0-1"]
[WhiteElo "1981"]
[BlackElo "1588"]
[ECO "A03"]
[EventDate "2005.07.03"]
[TimeControl "5400+60"]

1.f4 d5 2.e3 Nf6 3.Nf3 g6 4.d4 Bg4 5.Be2 e6 6.Nbd2 c5 7.c3 Qc7 8.O-O Nc6 
9.h3 Bf5 10.g4 Be4 11.Ng5 h6 12.Ngxe4 Nxe4 13.Nxe4 dxe4 14.Bd2 O-O-O 15.
Qa4 g5 16.Rac1 gxf4 17.exf4 cxd4 18.cxd4 Rxd4 19.Qxd4 Nxd4 20.Rxc7+ Kxc7 
21.Rc1+ Kd6 22.Bd1 Kd5 23.Rc7 Nf3+ 24.Bxf3 exf3 25.Bc3 Bd6 26.Rd7 Rc8 27.
Kf2 Rc4 28.Kxf3 Rxf4+ 29.Ke3 Re4+ 30.Kd3 f5 31.gxf5 exf5 32.Rxb7 Rh4 33.
Rxa7 Rxh3+ 34.Ke2 Bc5 35.Rf7 Ke4 36.Rf6 Rh2+ 37.Ke1 f4 38.b4 Be3 39.Kd1 
Kd3 40.Be1 Rxa2 41.Rd6+ Bd4 42.Bd2 Rxd2+ 43.Ke1 Rh2 44.Kf1 f3 0-1

[Event "WA State Championship"]
[Site "Legacy House, South Perth"]
[Date "2005.08.14"]
[Round "7"]
[White "Kueh, M"]
[Black "Johnstone, R"]
[Result "1/2-1/2"]
[WhiteElo "1860"]
[BlackElo "1702"]
[ECO "A02"]
[EventDate "2005.07.03"]
[TimeControl "5400+60"]

1.f4 e5 2.fxe5 d6 3.Nf3 Nc6 4.e4 dxe5 5.Bb5 Bc5 6.d3 Ne7 7.Nc3 O-O 8.Qe2 
Bg4 9.Be3 Bxe3 10.Bxc6 Nxc6 11.Qxe3 Nd4 12.O-O-O f6 13.Ne2 c5 14.Nfxd4 
cxd4 15.Qd2 a5 16.Kb1 b5 17.h3 Be6 18.c3 dxc3 19.Nxc3 Qd7 20.d4 b4 21.Nd5 
Bxd5 22.exd5 Qxd5 23.dxe5 Qxe5 1/2-1/2

[Event "WA State Championship"]
[Site "Legacy House, South Perth"]
[Date "2005.08.19"]
[Round "7"]
[White "Patron, A"]
[Black "Viswanath, G"]
[Result "1-0"]
[WhiteElo "1820"]
[BlackElo "1732"]
[ECO "E61"]
[EventDate "2005.07.03"]
[TimeControl "5400+60"]

1.d4 Nf6 2.c4 g6 3.Nc3 Bg7 4.Nf3 O-O 5.Bf4 d6 6.h3 Nbd7 7.e3 c6 8.Be2 Qc7 
9.c5 a5 10.O-O b5 11.cxd6 exd6 12.Rc1 Qb8 13.Nd2 Re8 14.Bf3 Bb7 15.Nde4 
Nxe4 16.Nxe4 Bf8 17.Ng5 Ra6 18.Qb3 Re7 19.Ne4 a4 20.Qa3 Re6 21.Qd3 f5 22.
Ng5 Rf6 23.d5 Nc5 24.Rxc5 Qe8 25.Rc2 h6 26.Ne6 cxd5 27.Nc7 1-0

[Event "WA State Championship"]
[Site "Legacy House, South Perth"]
[Date "2005.08.14"]
[Round "7"]
[White "Leonhardt, W"]
[Black "Choong, Y"]
[Result "0-1"]
[WhiteElo "1916"]
[BlackElo "1633"]
[ECO "A52"]
[EventDate "2005.07.03"]
[TimeControl "5400+60"]

1.d4 Nf6 2.c4 e5 3.dxe5 Ng4 4.Nf3 Bc5 5.e3 Nc6 6.a3 a5 7.b3 Ngxe5 8.Bb2 
Qe7 9.Nc3 d6 10.Nd5 Qd8 11.Nd2 Bg4 12.Be2 Nd3+ 13.Kf1 Bxe2+ 14.Kxe2 Nxb2 
15.Qc2 Nxc4 16.bxc4 Ne5 17.Ne4 Nd7 18.Qb2 f6 19.Qxb7 Ra7 20.Nxc5 Rxb7 0-1

[Event "WA State Championship"]
[Site "Legacy House, South Perth"]
[Date "2005.08.14"]
[Round "7"]
[White "Janceski, A"]
[Black "Dunlop, G"]
[Result "0-1"]
[WhiteElo "1662"]
[BlackElo "1825"]
[ECO "D00"]
[EventDate "2005.07.03"]
[TimeControl "5400+60"]

1.d4 d5 2.g3 Nf6 3.Bg2 e6 4.e3 Bd6 5.Ne2 O-O 6.O-O Nbd7 7.b3 b6 8.c4 Bb7 
9.Nbc3 c6 10.Bb2 h5 11.Rc1 h4 12.f3 hxg3 13.hxg3 dxc4 14.bxc4 c5 15.Ne4 
Nxe4 16.fxe4 Qg5 17.Qd3 cxd4 18.exd4 Rad8 19.Rc2 Nf6 20.d5 Ng4 21.Bd4 Qh5 
22.Rf3 e5 23.Bf2 Qh2+ 24.Kf1 Nxf2 25.Kxf2 Bc8 26.Qb3 Bh3 27.g4 Bxg2 28.Rg3
Bxe4+ 29.Ke1 Bxc2 30.Qxc2 e4 31.Re3 Bb4+ 32.Kf1 Qh1+ 33.Ng1 Bc5 34.Rg3 
Bxg1 35.Rxg1 Qf3+ 36.Ke1 Rfe8 37.Rg2 e3 38.g5 e2 39.Rg1 Qe3 40.Rg2 Qh3 41.
Rxe2 Qh1+ 42.Kd2 Rxe2+ 43.Kxe2 Qg2+ 44.Kd3 Qxc2+ 45.Kxc2 0-1

[Event "WA State Championship"]
[Site "Legacy House, South Perth"]
[Date "2005.08.14"]
[Round "7"]
[White "Jahangirian, M"]
[Black "Maris, N"]
[Result "0-1"]
[WhiteElo "1701"]
[BlackElo "1669"]
[ECO "B01"]
[EventDate "2005.07.03"]
[TimeControl "5400+60"]

1.e4 d5 2.exd5 Qxd5 3.Nc3 Qa5 4.d3 Nf6 5.Bd2 c6 6.Nf3 Bg4 7.Be2 e6 8.O-O 
Qc7 9.h3 Bh5 10.Bg5 Nbd7 11.Re1 Bd6 12.a3 h6 13.Bd2 O-O-O 14.b4 a6 15.Rb1 
Rdg8 16.a4 g5 17.Nd4 Bxe2 18.Ndxe2 g4 19.h4 g3 20.f3 Qb6+ 21.d4 Qd8 22.Bf4
Bxf4 23.Nxf4 Ne8 24.b5 axb5 25.axb5 Qxh4 26.Nh3 Nd6 27.bxc6 bxc6 28.Ne4 
Nxe4 29.Rxe4 Qh5 30.Qd3 Kc7 31.c4 Rb8 32.Ree1 Qa5 33.Ra1 Qh5 34.c5 Rb7 35.
Qe4 Qd5 36.Qf4+ Kc8 37.Rad1 Rb4 38.Qd2 Ra4 39.Qe3 h5 40.Re2 Nxc5 41.Rb2 
Rd8 42.Rbd2 Nb3 43.Nf4 Qb5 44.Rd3 Nxd4 45.Kh1 Qg5 46.Qe4 Qh4+ 47.Nh3 Qxe4 
48.fxe4 e5 49.Rxg3 f6 50.Rg6 Rf8 51.Rf1 Ne2 52.Rgxf6 Rxf6 53.Rxf6 Kd7 54.
Ng5 Ng3+ 55.Kh2 Nxe4 56.Rf5 Nxg5 57.Rxg5 Kd6 58.Rxh5 c5 59.Kg3 Rf4 60.Rh1 
c4 61.Rd1+ Kc5 62.Kh3 c3 63.g4 Kc4 64.g5 c2 65.Rg1 Rf8 66.Kg4 e4 67.g6 Kd3
68.Kg5 e3 69.g7 Rg8 70.Kh6 Kd2 71.Kh7 Rxg7+ 0-1

[Event "WA State Championship"]
[Site "Legacy House, South Perth"]
[Date "2005.08.14"]
[Round "7"]
[White "Payne, S"]
[Black "Rados, P"]
[Result "0-1"]
[WhiteElo "1630"]
[BlackElo "1723"]
[ECO "C53"]
[EventDate "2005.07.03"]
[TimeControl "5400+60"]

1.e4 e5 2.Nf3 Nc6 3.Bc4 Bc5 4.c3 Qe7 5.O-O Nf6 6.d4 Bb6 7.Bg5 d6 8.h3 O-O 
9.d5 Nb8 10.Nbd2 Nbd7 11.Bb5 h6 12.Be3 Bxe3 13.fxe3 Nc5 14.Qc2 a6 15.Be2 
Nh7 16.b4 Nd7 17.Nb3 Ng5 18.c4 Nxf3+ 19.Rxf3 Qh4 20.c5 Nf6 21.Bd3 Bd7 22.
Na5 b6 23.cxb6 cxb6 24.Nc4 Rfc8 25.Qe2 Rab8 26.Nxd6 Rd8 27.Raf1 Bg4 28.
hxg4 Rxd6 29.Rh3 Qxg4 30.Qxg4 Nxg4 31.Rc1 b5 32.Rc7 Rdd8 33.Rf3 Nf6 34.Rf1
Rbc8 35.Rfc1 Rxc7 36.Rxc7 Ne8 37.Rc6 Rd6 38.Rc8 Kf8 39.Ra8 Ke7 40.Ra7+ Kf6
41.a4 bxa4 42.Rxa6 Rxa6 43.Bxa6 Nd6 44.Bd3 a3 45.Bb1 Nxe4 46.Ba2 Nc3 47.
Bb3 a2 48.Bxa2 Nxa2 49.b5 Nb4 50.b6 Ke7 51.Kf2 Kd7 52.e4 Kc8 0-1

[Event "WA State Championship"]
[Site "Legacy House, South Perth"]
[Date "2005.08.14"]
[Round "7"]
[White "Lubtschenko, W"]
[Black "Whitehead, P"]
[Result "1-0"]
[WhiteElo "1693"]
[BlackElo "1610"]
[ECO "D00"]
[EventDate "2005.07.03"]
[TimeControl "5400+60"]

1.d4 d5 2.Bg5 Bf5 3.Nf3 Nd7 4.Nh4 Bg6 5.e3 Ngf6 6.Nc3 e6 7.Nxg6 hxg6 8.Bd3
c6 9.a3 Qc7 10.h4 Bd6 11.Kd2 O-O-O 12.g3 e5 13.b4 Rde8 14.Kc1 Kb8 15.Kb2 
exd4 16.exd4 Re6 17.Qf3 Rhe8 18.Na4 Nb6 19.Nc5 Ne4 20.Nxe6 Rxe6 21.Kb3 Rf6
22.Qe2 Rxf2 23.Qg4 f5 24.Qd1 Nxg3 25.Rh3 Ne4 26.Qg1 Qf7 27.Be3 Nd2+ 28.
Bxd2 Rxd2 29.Qg5 Rxd3+ 30.cxd3 Be7 31.Qf4+ Kc8 32.Re1 Nd7 33.Qe3 Kd8 34.h5
Nf8 35.hxg6 Nxg6 36.Qg1 Bf6 37.Qf2 Ne7 38.Rh8+ Kd7 39.Qf4 g6 40.Rb8 Qg7 
41.Rxb7+ Ke8 42.Qd6 Kf8 43.Qe6 Qf7 44.Qd7 Qe8 45.Qe6 Qf7 46.Rb8+ Kg7 47.
Qe3 g5 48.Qh3 Kg6 49.Rb7 g4 50.Qe3 Qg7 51.Rxe7 Bxe7 52.Qxe7 Qxd4 1-0

[Event "WA State Championship"]
[Site "Legacy House, South Perth"]
[Date "2005.08.20"]
[Round "7"]
[White "Tomic, N"]
[Black "O'Donohue, B"]
[Result "1-0"]
[WhiteElo "1705"]
[BlackElo "1592"]
[ECO "B30"]
[EventDate "2005.07.03"]
[TimeControl "5400+60"]

1.e4 c5 2.Nf3 Nc6 3.b3 Nf6 4.e5 Nd5 5.Bb5 Qc7 6.Bb2 e6 7.c4 Nf4 8.O-O Nd3 
9.Bxc6 Nxb2 10.Qc2 Nxc4 11.Bxd7+ Bxd7 12.bxc4 Bc6 13.Re1 Bxf3 14.gxf3 Be7 
15.Qa4+ Kf8 16.Nc3 a6 17.f4 Rd8 18.Ne4 h5 19.Rab1 g6 20.Re3 Kg7 21.Qb3 Rd7
22.Qb2 Rb8 23.Rb3 Kg8 24.Rb6 h4 25.Qc3 Qd8 26.R1b3 g5 27.Qf3 f6 28.f5 exf5
29.Qxf5 Qe8 30.Qe6+ Kh8 31.Nxg5 Qh5 32.Nf7+ Kg7 1-0